Map: Frozen Temple

Players

Snute - Winner!

  • Race: Zerg Zerg

Has

  • Race: Protoss Protoss

Event: WCS Copa Intercontinental

VOD

Have the link to the VOD?

Description

Time

  • Played on: Sept. 10, 2016, 5:41 p.m.
  • Length: 13:24

All games in this series

Show
View Real Time Build Order
Export as new Build Order

Snute Zerg - Winner!

Build Orders: Pool First 

Get SALT Encoding   

  12  0:00  Drone  
  13  0:12  Overlord  
  13  0:17  Drone  
  14  0:31  Drone x2  
  14  0:35  Drone  
  17  0:45  Spawning Pool  
  17  0:48  Drone  
  17  1:12  Hatchery  
  17  1:14  Drone  
  17  1:17  Overlord  
  17  1:22  Drone  
  18  1:29  Drone  
  18  1:31  Extractor  
  18  1:34  Queen  
  18  1:39  Zergling x2  
  21  1:49  Drone  
  22  2:00  Drone  
  23  2:10  Queen  
  23  2:12  Drone  
  26  2:23  Drone  
  26  2:24  Queen  
  26  2:25  Drone  
  30  2:32  Drone  
  30  2:33  Metabolic Boost  
  30  2:35  Drone  
  32  2:41  Overlord  
  32  2:42  Drone x2  
  34  2:45  Zergling x2  
  34  2:46  Drone  
  36  3:03  Drone x2, Hatchery  
  37  3:05  Drone  
  37  3:10  Drone  
  40  3:12  Drone  
  40  3:13  Drone x2  
  40  3:17  Overlord  
  40  3:19  Drone x2  
  44  3:29  Roach Warren, Drone  
  44  3:32  Extractor  
  44  3:33  Drone  
  44  3:36  Drone  
  44  3:37  Drone  
  46  3:41  Drone x2  
  48  3:49  Spore Crawler  
  48  3:50  Spore Crawler, Drone  
  48  3:51  Drone, Overlord  
  48  3:59  Overlord  
  48  4:00  Drone  
  48  4:01  Drone x3  
  52  4:03  Overlord  
  52  4:11  Overlord  
  52  4:16  Overlord  
  52  4:18  Drone  
  52  4:22  Spore Crawler  
  52  4:23  Drone x5  
  57  4:25  Drone  
  57  4:28  Drone x2  
  57  4:29  Drone  
  60  4:35  Overlord  
  60  4:37  Drone  
  61  4:40  Drone  
  61  4:42  Queen  
  61  4:44  Evolution Chamber  
  61  4:45  Drone x2  
  65  4:54  Roach x3  
  65  4:55  Roach x3  
  65  4:57  Roach x2  
  81  5:00  Queen  
  81  5:03  Queen  
  85  5:07  Drone  
  85  5:13  Hatchery  
  85  5:15  Zergling x8  
  85  5:20  Spore Crawler  
  87  5:22  Overlord  
  87  5:23  Zerg Melee Weapons Level 1  
  87  5:25  Queen  
  87  5:28  Zergling x6  
  92  5:32  Overlord  
  92  5:38  Zergling x2  
  92  5:39  Zergling x10  
  92  5:42  Queen  
  100  5:43  Overlord  
  100  5:44  Overlord  
  100  5:47  Baneling Nest  
  100  5:48  Overlord  
  99  5:52  Queen  
  101  5:57  Zergling x2  
  101  5:58  Zergling x10  
  101  6:03  Queen  
  107  6:07  Spore Crawler  
  107  6:08  Spore Crawler  
  107  6:10  Spore Crawler  
  104  6:18  Queen  
  104  6:20  Zergling x2  
  104  6:21  Zergling x18  
  110  6:32  Queen x2  
  110  6:36  Spore Crawler  
  110  6:38  Spore Crawler x2  
  111  6:41  Drone x2  
  111  6:42  Drone x5  
  118  6:47  Drone  
  118  6:48  Drone x3  
  122  6:54  Queen x2  
  126  7:10  Queen  
  126  7:12  Queen  
  126  7:20  Spore Crawler  
  125  7:23  Zerg Ground Armor Level 1  
  125  7:24  Drone x2  
  125  7:25  Drone x5  
  125  7:26  Spore Crawler  
  131  7:30  Queen  
  131  7:34  Lair  
  133  7:38  Drone x2  
  136  7:44  Zergling x10  
  136  7:45  Queen  
  142  7:54  Overlord x2  
  142  7:56  Queen, Hatchery  
  143  8:00  Spore Crawler  
  142  8:06  Queen  
  142  8:07  Spore Crawler  
  142  8:09  Spore Crawler  
  142  8:11  Spore Crawler  
  141  8:13  Drone x6  
  141  8:14  Drone x2  
  141  8:16  Spore Crawler  
  141  8:17  Spore Crawler  
  147  8:21  Queen  
  149  8:29  Spore Crawler  
  149  8:31  Queen  
  149  8:32  Queen  
  151  8:42  Queen  
  151  8:46  Infestation Pit  
  151  8:47  Drone x5  
  155  8:48  Drone  
  155  8:49  Drone x3  
  155  8:50  Extractor x2  
  155  8:51  Extractor  
  155  8:54  Extractor  
  155  8:55  Spore Crawler  
  155  8:57  Spore Crawler, Queen  
  155  9:00  Overlord x4  
  155  9:05  Centrifical Hooks  
  155  9:07  Queen x2  
  155  9:09  Drone x3  
  162  9:10  Queen  
  164  9:18  Queen  
  164  9:19  Zerg Melee Weapons Level 2  
  164  9:22  Zergling x14  
  164  9:23  Zergling x14  
  177  9:25  Zergling x2  
  177  9:26  Zergling x6  
  180  9:35  Infestor  
  180  9:36  Infestor  
  184  9:38  Infestor  
  186  9:46  Zergling x2  
  186  9:47  Zergling x20  
  186  9:50  Overlord  
  195  10:16  Infestor  
  189  10:23  Queen x4  
  187  10:28  Zergling x2  
  187  10:29  Zergling x22  
  187  10:35  Zergling x4  
  199  10:50  Baneling  
  199  10:51  Baneling x18  
  199  10:52  Baneling x6  
  199  10:53  Baneling x3  
  199  11:09  Hive  
  199  11:25  Zergling x18  
  181  11:26  Zergling x12  
  153  11:41  Zergling x8  
  153  11:42  Zergling x32  
  153  11:45  Queen x4  
  166  11:48  Infestor x2  
  165  11:56  Zergling x8  
  168  12:03  Zergling x4  
  168  12:06  Zergling x2  
  168  12:07  Zergling x4  
  168  12:08  Overseer x2  
  172  12:14  Zergling x2  
  172  12:15  Zergling x10  
  172  12:20  Queen, Zergling x4  
  172  12:21  Queen x2  
  176  12:24  Queen x2  
  176  12:28  Zergling x8  
  184  12:36  Baneling x3  
  184  12:37  Baneling x25  
  184  12:38  Baneling x2  
  184  12:39  Zergling x10  
  189  12:48  Zergling x8  
  193  13:01  Zergling x18  
Show
View Real Time Build Order
Export as new Build Order

Has Protoss 

Build Orders: 1 Gate Expand, Oracle Opening, Phoenix Opening 

Get SALT Encoding   

  12  0:01  Probe (Chrono Boost)  
  13  0:11  Probe (Chrono Boost)  
  14  0:18  Pylon  
  14  0:22  Probe (Chrono Boost)  
  15  0:36  Probe (Chrono Boost)  
  15  0:38  Gateway  
  16  0:46  Probe (Chrono Boost)  
  16  0:48  Assimilator  
  18  0:57  Probe (Chrono Boost)  
  18  1:07  Probe (Chrono Boost)  
  19  1:20  Nexus  
  19  1:23  Probe (Chrono Boost)  
  20  1:35  Cybernetics Core  
  20  1:39  Zealot  
  22  1:47  Pylon  
  22  1:51  Probe (Chrono Boost)  
  23  1:54  Assimilator  
  23  2:07  Probe (Chrono Boost)  
  24  2:12  Warp Gate  
  26  2:17  Probe (Chrono Boost)  
  27  2:27  Pylon  
  27  2:28  Probe (Chrono Boost)  
  28  2:32  Stalker  
  28  2:36  Probe (Chrono Boost)  
  29  2:38  Probe (Chrono Boost)  
  30  2:46  Stargate  
  30  2:48  Probe (Chrono Boost)  
  30  2:50  Probe (Chrono Boost)  
  32  2:58  Assimilator  
  32  3:00  Assimilator, Probe (Chrono Boost)  
  32  3:01  Probe (Chrono Boost)  
  34  3:11  Probe x2 (Chrono Boost)  
  36  3:22  Probe x2 (Chrono Boost)  
  36  3:26  Phoenix  
  38  3:32  Probe (Chrono Boost)  
  42  3:34  Probe (Chrono Boost)  
  42  3:38  Pylon  
  42  3:42  Stargate  
  42  3:43  Stargate  
  43  3:48  Probe (Chrono Boost)  
  43  3:49  Oracle, Probe (Chrono Boost)  
  47  4:00  Probe (Chrono Boost)  
  47  4:01  Probe (Chrono Boost)  
  49  4:11  Probe (Chrono Boost)  
  49  4:13  Probe (Chrono Boost)  
  51  4:18  Adept  
  51  4:21  Oracle  
  51  4:22  Mothership Core (Chrono Boost)  
  56  4:25  Pylon, Probe (Chrono Boost)  
  59  4:33  Oracle  
  62  4:41  Pylon  
  62  4:43  Oracle  
  62  4:45  Probe x2 (Chrono Boost)  
  67  4:57  Probe (Chrono Boost)  
  67  4:59  Oracle  
  67  5:05  Nexus  
  71  5:09  Probe (Chrono Boost)  
  71  5:11  Oracle  
  71  5:12  Pylon  
  74  5:26  Probe (Chrono Boost)  
  74  5:27  Pylon, Probe (Chrono Boost)  
  76  5:31  Assimilator, Oracle  
  76  5:32  Forge  
  76  5:33  Assimilator  
  76  5:40  Probe (Chrono Boost)  
  76  5:42  Probe (Chrono Boost)  
  81  5:44  Oracle  
  84  5:53  Oracle, Probe (Chrono Boost)  
  84  5:54  Probe (Chrono Boost)  
  88  6:05  Probe (Chrono Boost)  
  88  6:08  Probe (Chrono Boost)  
  88  6:09  Oracle  
  89  6:17  Probe (Chrono Boost)  
  90  6:25  Probe (Chrono Boost)  
  89  6:26  Oracle, Probe (Chrono Boost)  
  89  6:27  Stargate  
  89  6:29  Probe (Chrono Boost)  
  93  6:35  Probe (Chrono Boost)  
  93  6:38  Pylon, Probe (Chrono Boost)  
  96  6:41  Probe (Chrono Boost)  
  96  6:43  Photon Cannon  
  96  6:45  Oracle  
  96  6:46  Probe (Chrono Boost), Photon Cannon  
  97  6:48  Photon Cannon  
  97  6:49  Pylon  
  97  6:53  Oracle  
  103  6:57  Probe (Chrono Boost)  
  103  6:58  Probe x2 (Chrono Boost)  
  106  7:04  Pylon  
  106  7:07  Oracle  
  107  7:09  Probe (Chrono Boost)  
  107  7:10  Probe (Chrono Boost)  
  107  7:13  Probe (Chrono Boost)  
  112  7:16  Oracle  
  112  7:19  Oracle  
  119  7:22  Probe (Chrono Boost)  
  119  7:23  Pylon  
  119  7:25  Pylon  
  119  7:29  Oracle  
  120  7:38  Oracle  
  120  7:43  Nexus  
  120  7:44  Pylon  
  123  7:45  Pylon  
  123  7:47  Oracle  
  125  7:52  Probe x3 (Chrono Boost)  
  125  7:57  Oracle  
  132  8:04  Probe x2 (Chrono Boost)  
  131  8:06  Assimilator x2  
  131  8:07  Oracle  
  131  8:10  Probe (Chrono Boost)  
  135  8:14  Oracle, Photon Cannon  
  135  8:15  Photon Cannon  
  135  8:16  Photon Cannon  
  138  8:24  Probe x2 (Chrono Boost)  
  138  8:25  Probe (Chrono Boost)  
  141  8:31  Oracle  
  138  8:36  Oracle  
  144  8:46  Photon Cannon  
  144  8:47  Oracle, Photon Cannon  
  147  8:51  Oracle  
  147  8:55  Photon Cannon  
  147  8:56  Photon Cannon  
  150  9:02  Oracle  
  153  9:12  Oracle  
  153  9:14  Pylon  
  153  9:15  Pylon  
  156  9:18  Stargate  
  156  9:22  Adept  
  158  9:25  Oracle  
  158  9:30  Oracle  
  161  9:36  Oracle  
  161  9:37  Photon Cannon  
  161  9:39  Photon Cannon  
  164  9:53  Oracle  
  164  9:56  Oracle  
  167  10:02  Protoss Ground Weapons Level 1  
  170  10:08  Oracle  
  170  10:13  Oracle  
  164  10:27  Oracle  
  143  10:28  Oracle  
  143  10:30  Protoss Air Weapons Level 1  
  149  10:42  Fleet Beacon  
  149  10:43  Cybernetics Core  
  149  10:50  Nexus  
  149  10:51  Pylon  
  149  10:52  Oracle  
  149  10:53  Pylon, Oracle  
  155  10:58  Oracle  
  155  11:02  Photon Cannon  
  155  11:03  Photon Cannon  
  158  11:06  Photon Cannon  
  158  11:07  Photon Cannon  
  158  11:08  Oracle  
  161  11:12  Photon Cannon  
  161  11:16  Photon Cannon  
  159  11:28  Oracle  
  159  11:29  Oracle x2  
  147  11:43  Probe x2 (Chrono Boost)  
  147  11:44  Probe (Chrono Boost)  
  147  11:45  Oracle, Probe (Chrono Boost)  
  138  11:47  Oracle  
  138  11:53  Adept  
  141  11:55  Probe x2 (Chrono Boost)  
  141  11:56  Probe (Chrono Boost)  
  141  11:57  Probe (Chrono Boost)  
  144  12:02  Oracle  
  144  12:03  Oracle  
  144  12:04  Probe (Chrono Boost), Oracle  
  144  12:06  Photon Cannon  
  144  12:07  Photon Cannon  
  151  12:09  Photon Cannon  
  151  12:11  Photon Cannon  
  151  12:15  Probe x3 (Chrono Boost)  
  150  12:20  Oracle  
  150  12:22  Pylon  
  150  12:23  Pylon  
  150  12:25  Probe (Chrono Boost)  
  147  12:36  Oracle, Probe (Chrono Boost)  
  148  12:38  Photon Cannon x2  
  148  12:40  Photon Cannon  
  148  12:41  Oracle x2  
  157  12:48  Assimilator x2  
Tags
 
Add a new tag
Caveats
  • Supply blocks, unpowered buildings, or Contaminate may cause inaccurate times.
  • Supply counts are checked every 10 seconds.